 Dungeon Crawl Stone Soup version 0.22.1-7-g5c428e7 (webtiles) character file.

95 Moonlightfire the Skirmisher (level 4, 0/60 HPs)
             Began as a Draconian Berserker on Feb 19, 2019.
             Was a Believer of Trog.
             Slain by Sigmund
             ... wielding a cursed -1 scythe
              (3 damage)
             ... on level 3 of the Dungeon.
             The game lasted 00:23:33 (1901 turns).

Moonlightfire the Skirmisher (Draconian Berserker)  Turns: 1901, Time: 00:23:34

Health: 0/60       AC: 22    Str: 20    XL:     4   Next: 40%
Magic:  4/4        EV: -1    Int:  7    God:    Trog [**....]
Gold:   139        SH:  0    Dex: 11    Spells: 3/3 levels left

rFire    . . .     SeeInvis .   a - +0 spear
rCold    . . .     Gourm    .   (no shield)
rNeg     + + +     Faith    .   (armour unavailable)
rPois    +         Spirit   .   (helmet currently unavailable)
rElec    .         Reflect  .   (cloak currently unavailable)
rCorr    .         Harm     .   (gloves currently unavailable)
MR       .....     NoTele   +   (boots currently unavailable)
Stlth    +.........             s - amulet of regeneration (curse)
HPRegen  0.60/turn              (no ring)
MPRegen  0.09/turn              (no ring)

@: tree-form, constricted
A: unfitting armour, AC +5
a: Berserk, Trog's Hand, Renounce Religion


You were on level 3 of the Dungeon.
You worshipped Trog.
Trog was pleased with you.
You were hungry.
You were a tree.
You visited 1 branch of the dungeon, and saw 3 of its levels.

You collected 139 gold pieces.

Inventory:

Hand Weapons
 a - a +0 spear (weapon)
 c - a +0 hunting sling
 f - a +0 mace
 i - a +0 dagger
 l - a +0 whip
 o - a +0 dagger
 p - a +0 short sword
 t - a +0 trident
 x - a +0 dagger
 y - a +0 short sword
Missiles
 e - 61 stones
 k - 31 bolts
 m - 45 arrows
 u - 27 sling bullets
 v - 8 poisoned needles (quivered)
Armour
 d - a +0 shield
Jewellery
 s - a cursed amulet of regeneration (around neck)
 B - a +5 amulet of reflection {unknown}
Scrolls
 g - 2 scrolls of identify
 h - 2 scrolls of fog {unknown}
 j - a scroll of enchant weapon {unknown}
 n - a scroll of magic mapping {unknown}
 q - a scroll of enchant armour {unknown}
 r - a scroll of blinking {unknown}
 w - a scroll of teleportation {unknown}
 z - a scroll of amnesia {unknown}
Potions
 A - a potion of lignification
Comestibles
 b - 6 rations


   Skills:
 + Level 4.0 Fighting
 + Level 3.9 Polearms
 + Level 0.7 Throwing
 + Level 3.4 Dodging
 + Level 0.2 Stealth


You had 3 spell levels left.
You didn't know any spells.
Your spell library was empty.

Dungeon Overview and Level Annotations

Branches:
Dungeon (3/15)

Altars:
Fedhas
Uskayaw

Annotations:
D:3 Grinder, Sigmund


Innate Abilities, Weirdness & Mutations

((Your plain brown scales are hard. (AC +5)))
You cannot fit into any form of body armour.
((You are cold-blooded and may be slowed by cold attacks.))


Message History

The adder bites you but does no damage.
The ball python bites you but does no damage.
The ball python constricts you.
The orc priest hits you but does no damage.
The goblin hits you but does no damage. Something hits you.
* * * LOW HITPOINT WARNING * * *
The adder bites you but does no damage.
You closely miss the adder.
The adder is moderately wounded.
The ball python bites you but does no damage.
* * * LOW HITPOINT WARNING * * *
The ball python constricts you. The goblin hits you but does no damage.
The adder bites you but does no damage.
The orc priest hits you but does no damage.
You miss the adder.
The adder is moderately wounded.
The ball python bites you but does no damage.
* * * LOW HITPOINT WARNING * * *
The ball python constricts you. Something hits you.
You die...

.##.##.#####.......#.5.#..#
.##...........$....##.##..#
.###.........#...#...#....#
.# #....(.#..#...##....#..#
.# ##^....#..#...##..###.##
.# #.....#..#.......#...##
..# #.........(..#{.......#
..# ######.#..SSg......##
#.# #.#...♣o......# .#
.........####..# #
##(.........o..###
#........####.##.#
................o.#
###.#.#........##.#
#.#>#.......o##.# .
........#...†{# .
..........##.#


You could see an orc priest, an adder, a goblin and a ball python.

Vanquished Creatures
  3 adders (D:2)
  2 oozes (D:2)
  2 worms (D:2)
  2 leopard geckos (D:1)
  2 orcs (D:3)
  4 giant cockroaches
  5 goblins
  2 hobgoblins (D:2)
  4 jackals
  8 bats
  2 frilled lizards (D:2)
  9 kobolds
  6 rats
51 creatures vanquished.

Notes
Turn   | Place    | Note
-------+----------+-------------------------------------------
     0 | D:1      | Moonlightfire the Draconian Berserker began the quest for
                  | the Orb.
     0 | D:1      | Reached XP level 1. HP: 19/19 MP: 1/1
   249 | D:1      | Reached XP level 2. HP: 26/26 MP: 2/2
   862 | D:2      | Reached XP level 3. HP: 27/33 MP: 3/3
  1035 | D:2      | Reached ** piety under Trog
  1237 | D:2      | Reached skill level 4 in Fighting
  1251 | D:2      | Reached XP level 4. HP: 34/40 MP: 4/4
  1396 | D:2      | Found a hide-covered altar of Uskayaw.
  1398 | D:2      | Found a blossoming altar of Fedhas.
  1725 | D:3      | Noticed Sigmund
  1786 | D:3      | Noticed Grinder
  1900 | D:3      | HP: 3/60 [ball python (1)]
  1901 | D:3      | Slain by Sigmund

Skill      XL: |  1  2  3 |
---------------+----------+-----
Dodging        | 3 |  3.4
Fighting       | 4 |  4.0
Polearms       | |  3.9
Throwing       | |  0.7
Stealth        | |  0.2

Action                   |  1- 3 |  4- 6 || total
-------------------------+-------+-------++-------
Melee: Spear             |   130 |    50 ||   180
       Tailslap          |    10 |     7 ||    17
Throw: Stone             |    48 |    18 ||    66
Invok: Berserk           |     1 |     2 ||     3
       Trog's Hand       |       |     3 ||     3
  Use: Potion            |     1 |     3 ||     4
       Scroll            |       |     1 ||     1
  Eat: Chunk             |     1 |     2 ||     3
       Ration            |       |     1 ||     1
Armor: Skin              |    62 |    80 ||   142
Dodge: Dodged            |   159 |    88 ||   247
